 Dungeon Crawl Stone Soup version 0.18.1-50-g88ac8fd (webtiles) character file.

655 Gargoyl the Covered (level 7, -5/53 HPs)
             Began as a Demonspawn Abyssal Knight on Oct 14, 2016.
             Was a Priest of Lugonu.
             Slain by a centaur (7 damage)
             ... on level 5 of the Dungeon.
             The game lasted 00:10:03 (5700 turns).

Gargoyl the Covered (Demonspawn Abyssal Knight)     Turns: 5700, Time: 00:10:04

Health: -5/53      AC: 14    Str: 14    XL:     7   Next: 29%
Magic:  10/10      EV:  2    Int: 13    God:    Lugonu [***...]
Gold:   167        SH:  8    Dex: 13    Spells: 0 memorised, 6 levels left

rFire  . . .     SeeInvis .     a - +1 hand axe
rCold  . . .     Gourm    .     p - +0 plate armour
rNeg   . . .     Faith    .     r - +0 shield
rPois  .         Spirit   .     (no helmet)
rElec  .         Dismiss  .     (no cloak)
rCorr  .         Reflect  .     (no gloves)
SustAt .         Harm     .     (no boots)
MR     .....                    (no amulet)
Stlth  ..........               (no ring)
                                (no ring)

@: very slightly contaminated, not resistant to hostile enchantments, extremely
unstealthy
A: talons 1, slimy green scales 1, powered by pain 1
a: Depart the Abyss, Bend Space, Banish, Renounce Religion


You were on level 5 of the Dungeon.
You worshipped Lugonu.
Lugonu was most pleased with you.
You were not hungry.

You visited 1 branch of the dungeon, and saw 5 of its levels.
You visited the Abyss 1 time.

You collected 167 gold pieces.

Inventory:

Hand Weapons
 a - a +1 hand axe (weapon)
 d - a +1 hand axe of distortion
Armour
 p - a +0 plate armour (worn)
 r - a +0 shield (worn)
Scrolls
 f - 3 scrolls of identify
Potions
 m - 2 potions of brilliance
Books
 j - a book of Callings

   Spells                             Type                      Level
   a - Summon Small Mammal            Summoning                    1
   b - Call Imp                       Summoning                    2
   c - Call Canine Familiar           Summoning                    3
   d - Summon Guardian Golem          Hexes/Summoning              3
   e - Summon Lightning Spire         Summoning/Air                4
   f - Summon Ice Beast               Ice/Summoning                4
Comestibles
 c - 2 bread rations
 g - a beef jerky
 h - a chunk of flesh
 i - a meat ration
 o - 2 slices of pizza


   Skills:
 + Level 3.9 Fighting
 + Level 3.1 Axes
 * Level 4.7 Armour
 + Level 2.0 Dodging
 + Level 2.4 Shields
 * Level 4.6 Invocations


You had 6 spell levels left.
You didn't know any spells.

Dungeon Overview and Level Annotations

Branches:
Dungeon (5/15)             Temple (0/1) D:4

Altars:
Kikubaaqudgha
The Shining One

Annotations:
D:4 Eustachio
D:5 Blork the orc


Innate Abilities, Weirdness & Mutations

You have sharp toenails.
You are partially covered in slimy green scales (AC +2).
You sometimes gain a little power by taking damage.


Message History

Your plate armour prevents you from hitting the orc.
The orc is almost dead.
The hound bites you but does no damage. x2
The orc hits you but does no damage.
Unknown command.
You closely miss the hound.
The hound is heavily wounded.
You hit the orc.
You kill the orc!
Lugonu accepts your kill. The hound bites you but does no damage.
The centaur unwields an uncursed shortbow.
The centaur hits you but does no damage.
The hound bites you.
* * * LOW HITPOINT WARNING * * *
You hit the hound. Your kick misses the hound.
The hound is severely wounded.
Your plate armour prevents you from hitting the centaur.
You block the hound's attack. The centaur hits you!
You die...

## #... #####.o #o.. ..
...####... #.#
.##......#.
#..##....o......
##..... ##........
#.... #.......(. #..#
#..o...(.. ######@.#
##.....ยง... #...och##
#..o...Z...
#....oZ######.####....#
#.....oo..o.....##.....
#....##....c....##.....
#.... #.........#......
#.... #.........#.#...o
#.... #####.......#....
##### #########


You could see a centaur, a hound, an orc wizard, 3 orcs and a jackal skeleton.

Vanquished Creatures
  An ogre (D:4)
  3 vampire bats (D:3)
  2 orc priests (D:4)
  A giant frog skeleton (D:4)
  3 worker ants
  3 gnolls (D:4)
  7 adders
  An ooze (D:1)
  3 worms
  A dart slug (D:1)
  A giant gecko (D:1)
  4 orcs
  12 bats
  2 bat skeletons (D:3)
  3 bat zombies (D:3)
  A giant cockroach (D:1)
  8 goblins
  7 hobgoblins
  7 jackals
  9 kobolds
  A quokka (D:5)
  2 ball pythons
  A giant newt (D:4)
  8 rats
91 creatures vanquished.

Vanquished Creatures (others)
  The ghost of Dioneo the Skirmisher, an amateur HuFi (D:4)
1 creature vanquished.

Grand Total: 92 creatures vanquished

Notes
Turn   | Place    | Note
--------------------------------------------------------------
     0 | Abyss:1  | Gargoyl the Demonspawn Abyssal Knight began the quest for the Orb.
     0 | Abyss:1  | Reached XP level 1. HP: 18/18 MP: 2/2
    61 | Abyss:2  | Noticed an ancient zyme
    86 | D:1      | Escaped the Abyss
   375 | D:1      | Gained mutation: You sometimes gain a little power by taking damage. [demonic ancestry]
   375 | D:1      | Reached XP level 2. HP: 14/24 MP: 3/3
   524 | D:1      | Reached * piety under Lugonu
   925 | D:1      | Reached XP level 3. HP: 29/29 MP: 4/4
  1465 | D:2      | Reached skill level 1 in Dodging
  2201 | D:2      | Reached ** piety under Lugonu
  2298 | D:3      | Reached XP level 4. HP: 14/35 MP: 6/6
  3142 | D:3      | Found a glowing golden altar of the Shining One.
  3273 | D:3      | Found an ancient bone altar of Kikubaaqudgha.
  3296 | D:3      | Reached XP level 5. HP: 15/41 MP: 7/7
  3307 | D:3      | Reached skill level 1 in Shields
  3432 | D:4      | Noticed Eustachio
  3534 | D:4      | HP: 1/42 [shadow imp/nerve-wracking pain[Eustachio] (13)]
  3883 | D:3      | Reached *** piety under Lugonu
  3975 | D:4      | Gained mutation: You are partially covered in slimy green scales (AC +2). [demonic ancestry]
  3975 | D:4      | Reached XP level 6. HP: 40/48 MP: 7/9
  4252 | D:4      | Found a staircase to the Ecumenical Temple.
  4304 | D:4      | Noticed Dioneo's ghost (amateur HuFi)
  4307 | D:4      | Banished Dioneo's ghost
  4880 | D:4      | Gained mutation: You have sharp toenails. [demonic ancestry]
  4880 | D:4      | Reached XP level 7. HP: 20/53 MP: 10/10
  5415 | D:5      | Entered Level 5 of the Dungeon
  5415 | D:5      | Noticed Blork the orc
  5699 | D:5      | HP: 1/53 [hound (3)]
  5700 | D:5      | Slain by a centaur

Skill      XL: |  1  2  3  4  5  6 |
---------------+-------------------+-----
Armour         | 2 3 4 |  4.7
Axes           | 2 3 |  3.1
Dodging        | 1 2 |  2.0
Invocations    | 3 4 |  4.6
Shields        | 1 2 |  2.4
Fighting       | |  3.9

Action                   |  1- 3 |  4- 6 |  7- 9 || total
-------------------------+-------+-------+-------++-------
Melee: Hand axe          |   163 |   218 |    68 ||   449
       Kick              |       |       |    15 ||    15
Invok: Depart the Abyss  |     1 |       |       ||     1
       Banish            |       |     1 |       ||     1
  Use: Potion            |     2 |     6 |       ||     8
       Scroll            |       |     3 |     7 ||    10
  Eat: Chunk             |     3 |     8 |       ||    11
       Royal jelly       |       |     1 |       ||     1
       Bread ration      |       |       |     1 ||     1
Armor: Chain mail        |   123 |   198 |       ||   321
       Plate armour      |       |     9 |    59 ||    68
       Skin              |       |     6 |       ||     6
Dodge: Dodged            |    54 |    57 |     7 ||   118
Block: Shield            |       |   108 |    41 ||   149
